 Dungeon Crawl Stone Soup version 0.31-a0-881-ge136f0c47a (webtiles) character file.

Game seed: 16715054479828122904

2029 tilp the Sneak (level 9, -1/68 HPs)
             Began as a Vampire Enchanter on Oct 16, 2023.
             Was an Initiate of Wu Jian.
             Slain by an ogre
             ... wielding a +0 giant club
              (19 damage)
             ... on level 6 of the Dungeon.
             The game lasted 00:09:50 (6393 turns).

tilp the Sneak (Vampire Enchanter)                  Turns: 6393, Time: 00:09:51

Health: -1/68      AC: 10    Str: 11    XL:     9   Next: 3%
Magic:  16/16      EV: 18    Int: 22    God:    Wu Jian [......]
Gold:   371        SH:  0    Dex: 14    Spells: 7/18 levels left

rFire   . . .        b - +8 falchion of Revolt {drain, Str+4}
rCold   . . .        (no shield)
rNeg    . . .        v - +0 robe
rPois   .            (no helmet)
rElec   .            d - +1 cloak
rCorr   .            h - +1 pair of gloves
SInv    +            (no boots)
Will    .....        u - amulet of the acrobat
Stlth   ++++         e - +4 ring of protection
HPRegen 0.51/turn    z - +5 ring of evasion
MPRegen 0.15/turn

%: acrobat
@: healing quickly
A: alive, fangs 3, see invisible, vampiric 2
a: Exsanguinate, Renounce Religion


You were on level 6 of the Dungeon.
You worshipped Wu Jian.
Wu Jian was noncommittal.
You visited 2 branches of the dungeon, and saw 7 of its levels.
You also visited: Sewer.

You collected 371 gold pieces.

Inventory:

Hand Weapons
 a - a +1 dagger of chaos
 b - the +8 falchion of Revolt (weapon) {drain, Str+4}
   (You found it on level 5 of the Dungeon)

   Str+4:     It affects your strength (+4).
 A - a +1 dagger of holy wrath
Missiles
 p - 5 boomerangs
 w - 29 poisoned darts (quivered)
Armour
 d - a +1 cloak (worn)
 h - a +1 pair of gloves (worn)
 v - a +0 robe (worn)
Jewellery
 e - a +4 ring of protection (left hand)
 u - an amulet of the acrobat (around neck)
 x - a ring of magical power
 z - a +5 ring of evasion (right hand)
Wands
 g - a wand of mindburst (27)
 y - a wand of polymorph (11)
Scrolls
 l - 2 scrolls of immolation
 o - a scroll of teleportation
 s - 2 scrolls of blinking
 t - 2 scrolls of fear
Potions
 c - 2 potions of invisibility
 f - 4 potions of mutation
 i - 2 potions of lignification
 j - a potion of degeneration
 k - 2 potions of curing
 m - 3 potions of haste
 n - 3 potions of heal wounds
 q - a potion of might {unknown}
 r - 2 potions of attraction {unknown}


   Skills:
 * Level 5.0 Fighting
 * Level 6.3 Short Blades
 - Level 4.0 Dodging
 + Level 7.6 Stealth
 - Level 5.0 Spellcasting
 + Level 7.3 Hexes
 - Level 2.0 Evocations


You had 7 spell levels left.
You knew the following spells:

 Your Spells              Type           Power      Damage    Failure   Level
a - Ensorcelled Hibernat  Hex/Ice        42%        N/A       3%          2
b - Confusing Touch       Hex            37%        N/A       1%          3
c - Tukima's Dance        Hex            37%        N/A       1%          3
d - Dazzling Flash        Conj/Hex       42%        N/A       7%          3

Your spell library contained the following spells:

 Spells                   Type           Power      Damage    Failure   Level
 Cause Fear               Hex            18%        N/A       4%          4
 Scorch                   Fire           10%        2d5       16%         2
 Wereblood                Tmut           5%         N/A       16%         2
 Anguish                  Hex/Necr       10%        N/A       22%         4
 Hailstorm                Conj/Ice       5%         3d4       30%         3
 Flame Wave               Conj/Fire      5%         2d5       69%         4
 Summon Ice Beast         Ice/Summ       5%         N/A       69%         4
 Irradiate                Conj/Tmut      2%         3d12      95%         5
 Enfeeble                 Hex            18%        N/A       99%         7
 Simulacrum               Ice/Necr       2%         N/A       100%        6
 Summon Cactus Giant      Summ           2%         N/A       100%        6


Dungeon Overview and Level Annotations

Branches:
Dungeon (6/15)             Temple (1/1) D:5           Sewer (visited)

Altars:
Cheibriados
Fedhas
Gozag
Hepliaklqana
Kikubaaqudgha
Makhleb
Nemelex Xobeh
Okawaru
Ru
Sif Muna
Trog
Uskayaw
Vehumet
Wu Jian
Xom

Annotations:
D:5 exclusion: statue


Innate Abilities, Weirdness & Mutations

Your natural rate of healing is accelerated.
You have razor-sharp teeth.
You have supernaturally acute eyesight. (SInv)
You are afflicted with vampirism and can become a bat while bloodless.


Message History

The Council accepts your kill.
The gnoll sergeant hits you but does no damage.
Unknown command.
A gnoll bouda opens the large door.
The ogre completely misses you.
There is an open door, spattered with blood here.
Things that are here:
a +0 flail; a hound corpse You barely miss the gnoll sergeant.
The gnoll sergeant closely misses you. The ogre hits you with a +0 giant club!
Unknown command.
You hit the gnoll sergeant.
The gnoll sergeant is lightly wounded.
The gnoll bouda hits you but does no damage.
The gnoll sergeant closely misses you. The ogre hits you with a +0 giant club!
The gnoll bouda hits you with a +0 whip.
Unknown command.
You are too injured to fight recklessly!
Unknown command.
You are too injured to fight recklessly!
You are too injured to fight recklessly!
You hit the gnoll sergeant. You drain the gnoll sergeant.
The gnoll sergeant is heavily wounded.
The gnoll sergeant hits you with a +3 heavy spear.
* * * LOW HITPOINT WARNING * * *
The gnoll bouda hits you with a +0 whip.
* * * LOW HITPOINT WARNING * * *
You barely miss the gnoll sergeant.
You bite the gnoll sergeant, but do no damage.
The gnoll sergeant is heavily wounded.
The ogre barely misses you. The gnoll bouda barely misses you.
Unknown command.
You hit the gnoll sergeant but do no damage.
You drain the gnoll sergeant.
The gnoll sergeant is severely wounded.
The gnoll sergeant hits you with a +3 heavy spear.
* * * LOW HITPOINT WARNING * * *
The gnoll bouda hits you with a +0 whip.
* * * LOW HITPOINT WARNING * * *
The ogre hits you with a +0 giant club!!
You die...

#.##....P.P.....P♣P♣P..P.P.P♣
#.#.....P♣P.....PP♣PP..P♣P♣.♣
#.#...P♣PPP♣....♣♣♣♣P..♣♣♣###
#.#...PPPPP#'''## ####
#....♣P♣♣♣P#...# $.
#####...PP♣# ###.>)#
........♣P♣ #...# ######..PP♣
#...# #..♣PP# #@###
#.....#...ggO.....$
#.....#...'........
###################


You could see an ogre, a gnoll sergeant (swift, very drained) and a gnoll bouda.

Vanquished Creatures
  Sigmund (D:2)
  Pargi (Sewer)
  An ogre (D:6)
  2 centaurs (D:6)
  2 kobold brigands
  A bullfrog (D:5)
  4 scorpions
  5 killer bees (D:5)
  A howler monkey (D:6)
  5 hounds
  4 jellies
  Crazy Yiuf (D:2)
  3 orc wizards (D:5)
  2 sleepcaps
  An iguana (D:6)
  4 gnolls (D:6)
  10 adders
  A shadow imp (D:6)
  2 worms
  8 orcs
  8 ball pythons
  8 endoplasms
  5 giant cockroaches
  7 goblins
  4 hobgoblins
  2 jackals (D:1)
  16 kobolds
  5 quokkas
  7 bats
  4 frilled lizards
  9 rats
134 creatures vanquished.

Vanquished Creatures (collateral kills)
  3 wights (D:6)
3 creatures vanquished.

Grand Total: 137 creatures vanquished

Notes
Turn   | Place    | Note
-------+----------+-------------------------------------------
     0 | D:1      | tilp the Vampire Enchanter began the quest for the Orb.
     0 | D:1      | Reached XP level 1. HP: 13/13 MP: 3/3
   257 | D:1      | Reached XP level 2. HP: 20/20 MP: 5/5
   260 | D:1      | Learned a level 2 spell: Ensorcelled Hibernation
  1033 | D:2      | Noticed Sigmund
  1199 | D:2      | Reached skill level 1 in Fighting
  1199 | D:2      | Gained mutation: You are afflicted with vampirism and can
                  | become a bat while bloodless. [Vampire growth]
  1199 | D:2      | Reached XP level 3. HP: 26/26 MP: 6/6
  1203 | D:2      | Learned a level 3 spell: Confusing Touch
  1476 | D:2      | Killed Sigmund
  1477 | D:2      | Reached skill level 5 in Stealth
  1477 | D:2      | Reached skill level 5 in Hexes
  1477 | D:2      | Reached skill level 1 in Evocations
  1477 | D:2      | Reached XP level 4. HP: 11/33 MP: 1/8
  1477 | D:2      | Reached XP level 5. HP: 12/38 MP: 1/9
  2045 | D:2      | Found a runed translucent door.
  2046 | D:2      | Noticed Crazy Yiuf
  2367 | D:2      | Killed Crazy Yiuf
  2368 | D:2      | Reached XP level 6. HP: 44/44 MP: 7/10
  3403 | D:4      | Found a glowing drain.
  3472 | D:4      | Learned a level 3 spell: Tukima's Dance
  3476 | D:4      | Learned a level 3 spell: Dazzling Flash
  3479 | Sewer    | Entered a sewer
  3529 | Sewer    | Noticed Pargi
  3533 | Sewer    | Killed Pargi
  3583 | Sewer    | Reached XP level 7. HP: 51/51 MP: 12/12
  4381 | D:5      | Entered Level 5 of the Dungeon
  4825 | D:5      | Found a radiant altar of Vehumet.
  4961 | D:5      | Reached XP level 8. HP: 20/58 MP: 2/14
  5134 | D:5      | Identified the +8 falchion of Revolt {drain, Str+4}
  5332 | D:5      | Reached skill level 5 in Short Blades
  5425 | D:5      | Found a staircase to the Ecumenical Temple.
  5483 | Temple   | Entered the Ecumenical Temple
  5493 | Temple   | Became a worshipper of the Wu Jian Council
  5547 | D:5      | Found a snail-covered altar of Cheibriados.
  5762 | D:6      | Found a sacrificial altar of Ru.
  5923 | D:6      | Reached skill level 5 in Spellcasting
  6351 | D:6      | Reached XP level 9. HP: 57/67 MP: 16/16
  6387 | D:6      | Reached skill level 5 in Fighting
  6393 | D:6      | Slain by an ogre

Illustrated notes

Levels and vault maps discovered:
D:1:      dpeg_arrival_windows_large_door, layout_basic
D:2:      layout_basic, minmay_misc_feat_enclosed, uniq_crazy_yiuf_cottage,
          uniq_sigmund
D:3:      layout_loops_ring
D:4:      layout_basic, portal_sewer_entry_a
D:5:      layout_basic, overflow_temple_1_default, vehumet_statue,
          minmay_temple_entry_poolview, serial_park_tiny_1,
          hangedman_abyss_or_decor_lesser_grid, minmay_fractal_squares_gapless_5
D:6:      kennysheep_housing_project, layout_basic,
          mainiacjoe_overflow_concentric_impassable, zin_purify
Temple:   nicolae_temple_great_sept

Skill      XL: |  1  2  3  4  5  6  7  8  9 |
---------------+----------------------------+-----
Fighting       | 1 2 3 4 5 |  5.0
Short Blades   | 2 3 4 6 |  6.3
Dodging        | 3 4 |  4.0
Stealth        | 5 6 7 |  7.6
Spellcasting   | 3 4 5 |  5.0
Hexes          | 5 6 7 |  7.3
Evocations     | 1 2 |  2.0

Action                     |  1- 3 |  4- 6 |  7- 9 || total
---------------------------+-------+-------+-------++-------
  Melee: Dagger            |    80 |   132 |    81 ||   293
         Bite              |    11 |     6 |    15 ||    32
         Punch             |     2 |     2 |     3 ||     7
         Falchion          |       |       |    81 ||    81
   Cast: Ensorcelled Hiber |    10 |    22 |    32 ||    64
         Confusing Touch   |       |     1 |     4 ||     5
         Dazzling Flash    |       |       |     1 ||     1
         Tukima's Dance    |       |       |     5 ||     5
Ability: Lunge             |       |       |     3 ||     3
  Evoke: Wand              |     1 |     1 |     8 ||    10
    Use: Scroll            |     3 |     4 |     9 ||    16
   Stab: Sleeping          |     9 |    27 |    22 ||    58
         Distracted        |     1 |     1 |       ||     2
         Confused          |       |     1 |     2 ||     3
         Paralysed         |       |       |     1 ||     1
 Armour: Robe              |    33 |    57 |    99 ||   189
  Dodge: Dodged            |    50 |    88 |   137 ||   275

Table legend: (Time is in decaauts)
 A = Elapsed time spent in this place.
 B = Non-inter-level travel time spent in this place.
 C = Inter-level travel time spent in this place.
 D = Time resting spent in this place.
 E = Time spent auto-exploring this place.
 F = Levels seen in this place.
 G = Mean time per level.
                   A        B        C        D        E       F      G
               +--------+--------+--------+--------+--------+-----+--------+
         Total |   6360 |   6128 |    232 |    251 |   4467 |   8 |  795.0 |
       Dungeon |   6181 |   5968 |    213 |    251 |   4388 |   6 | 1030.2 |
        Temple |     20 |      1 |     19 |      0 |      0 |   1 |   20.0 |
         Sewer |    158 |    158 |      0 |      0 |     79 |   1 |  158.0 |
               +--------+--------+--------+--------+--------+-----+--------+

Top non-repeatable levels by time:
     D:2: 1401 daAuts
     D:4: 1162 daAuts
     D:5: 1149 daAuts
     D:1: 1012 daAuts
     D:6: 745 daAuts
     D:3: 710 daAuts
   Sewer: 158 daAuts
  Temple: 20 daAuts
